 Dungeon Crawl Stone Soup version 0.17-a0-1504-gb7d9117 (webtiles) character file.

212 FakerFangirl the Firebug (level 5, -6/42 HPs)
             Began as a Naga Fire Elementalist on July 8, 2015.
             Mangled by an ogre
             ... wielding a +0 giant spiked club
              (25 damage)
             ... on level 3 of the Dungeon.
             The game lasted 00:46:23 (3487 turns).

FakerFangirl the Firebug (Naga Fire Elementalist)   Turns: 3487, Time: 00:46:23

Health: -6/42      AC:  2    Str: 10    XL:     5   Next: 90%
Magic:  6/9        EV: 16    Int: 16    God:
Gold:   192        SH:  0    Dex: 17    Spells: 4 memorised, 0 levels left

rFire  . . .     SeeInvis +     h - +1 long sword
rCold  . . .     Clarity  .     a - +0 robe
rNeg   . . .     SustAt   .     (no shield)
rPois  +         Gourm    .     (no helmet)
rElec  .         Spirit   .     (no cloak)
rCorr  .         Warding  .     (no gloves)
rMut   .         Stasis   .     (no barding)
MR     .....                    e - amulet of regeneration
Stlth  ++++......               (no ring)
                                (no ring)

@: agile, short of breath, very slow, not resistant to hostile enchantments,
stealthy
A: see invisible, deformed body, poison resistance, slowness 2, slow metabolism
1, spit poison 2, AC +1
a: Spit Poison


You were on level 3 of the Dungeon.
You were not hungry.

You visited 1 branch of the dungeon, and saw 4 of its levels.

You collected 192 gold pieces.

Inventory:

Hand weapons
 h - a +1 long sword (weapon)
 v - a +1 dagger of speed
 x - a +1 dagger of venom
 z - a +0 hunting sling
Missiles
 g - 8 javelins (quivered)
 i - 78 stones
 l - 3 needles of slowing
 m - 22 arrows
 r - 43 sling bullets
 s - 20 bolts
Armour
 a - a +0 robe (worn)
 f - a +1 helmet
Jewellery
 e - an amulet of regeneration (around neck)
Scrolls
 k - 2 scrolls of remove curse {unknown}
 o - 2 scrolls of enchant weapon
 p - a scroll of teleportation
 q - a scroll of fear {unknown}
 t - a scroll of recharging
 y - a scroll of magic mapping {unknown}
 D - a scroll of noise {unknown}
Potions
 d - a potion of cure mutation
 w - a potion of brilliance {unknown}
 E - a potion of heal wounds
Books
 b - a book of Flames

   Spells                             Type                      Level
   a - Flame Tongue                   Conjuration/Fire             1
   b - Throw Flame                    Conjuration/Fire             2
   c - Conjure Flame                  Conjuration/Fire             3
   d - Inner Flame                    Hexes/Fire                   3
   e - Sticky Flame                   Conjuration/Fire             4
   f - Fireball                       Conjuration/Fire             5
Comestibles
 c - 3 bread rations
 n - 2 beef jerkies
 u - a royal jelly


   Skills:
 + Level 0.2 Fighting
 + Level 1.7 Throwing
 * Level 2.6 Dodging
 + Level 3.7 Stealth
 + Level 3.2 Spellcasting
 + Level 1.5 Conjurations
 + Level 3.9 Fire Magic


You couldn't memorise any spells.
You knew the following spells:

 Your Spells              Type           Power        Failure   Level  Hunger
a - Flame Tongue          Conj/Fire      ##...        8%          1    None
b - Throw Flame           Conj/Fire      ##....       10%         2    ##.....
c - Conjure Flame         Conj/Fire      ##......     17%         3    ###....
d - Sticky Flame          Conj/Fire      ##......     63%         4    ####...


Dungeon Overview and Level Annotations

Branches:
Dungeon (4/15)
 Temple: D:4-7

Altars:
Vehumet


Innate Abilities, Weirdness & Mutations

You cannot wear boots.
Your serpentine skin is tough (AC +1).
You have supernaturally acute eyesight.
Armour fits poorly on your strangely shaped body.
Your system is resistant to poisons.
You cover ground very slowly.
You have a slow metabolism.
You can spit poison.


Message History

Confirm with . or Enter, or press ? or * to list all spells.
Okay, then.
Casting: Flame Tongue
Confirm with . or Enter, or press ? or * to list all spells.
Aiming: Flame Tongue
Press: ? - help, Shift-Dir - straight line, f - ogre
Aim: an ogre, wielding a giant spiked club (heavily wounded, poisoned)
The flame tongue hits the ogre.
The ogre is heavily wounded.
The ogre closely misses you. The orc closely misses you.
Casting: Flame Tongue
Confirm with . or Enter, or press ? or * to list all spells.
Aiming: Flame Tongue
Press: ? - help, Shift-Dir - straight line, f/p - ogre
Aim: an ogre, wielding a giant spiked club (heavily wounded, poisoned)
The flame tongue hits the ogre.
The ogre is heavily wounded.
The ogre hits you with a giant spiked club!!
Ouch! That really hurt!
You die...

#.########.#.........# #.# #.#
#.#.#####.#.#####)## #.#
######.#.# #.#.<....... #.#
#......#.# #.#.###..... #.#
#.######.#####.#.###..... #.#
#....# #................. #.#
#....# #.#######.###.....
####.###....###O#####...###.....
#...........'[.@)...............
###.####....###o#####........###
#.# #......).# #.......#.# #.#
#.....#########..####.###
###.####.....####...............
#...............................
############.####.####..####.###
####'####.# #..<####.###
#.......#.###........##.


You could see an ogre and an orc.

Vanquished Creatures
  A crimson imp (D:3)
  7 adders
  3 worms
  2 giant geckos
  9 orcs
  A ball python (D:4)
  10 bats
  9 giant cockroaches
  12 goblins
  8 hobgoblins
  3 jackals
  13 kobolds
  2 quokkas
  4 giant newts
  10 rats
94 creatures vanquished.

Notes
Turn   | Place    | Note
--------------------------------------------------------------
     0 | D:1      | FakerFangirl the Naga Fire Elementalist began the quest for the Orb.
     0 | D:1      | Reached XP level 1. HP: 15/15 MP: 3/3
   341 | D:2      | Reached XP level 2. HP: 22/22 MP: 5/5
   346 | D:2      | Learned a level 2 spell: Throw Flame
   789 | D:3      | Reached XP level 3. HP: 28/28 MP: 6/6
  1253 | D:3      | Learned a level 3 spell: Conjure Flame
  1363 | D:4      | Reached XP level 4. HP: 29/36 MP: 5/8
  1482 | D:4      | Reached skill level 1 in Throwing
  2092 | D:2      | Reached XP level 5. HP: 33/42 MP: 1/9
  3056 | D:2      | Found a radiant altar of Vehumet.
  3371 | D:4      | Noticed an ogre
  3479 | D:3      | Learned a level 4 spell: Sticky Flame
  3487 | D:3      | Mangled by an ogre

Vault maps used:
D:1:      lightli_iron_boxes, kennysheep_another_room
D:2:      vehumet_crystals, first_bread
D:4:      portal_sewer_entry_b, serial_shops, shop, uniq_blork_the_orc

Action                   |  1- 3 |  4- 6 || total
-------------------------+-------+-------++-------
Melee: Long sword        |    24 |    17 ||    41
Throw: Javelin           |    29 |    68 ||    97
 Cast: Flame Tongue      |    34 |    42 ||    76
       Throw Flame       |       |    17 ||    17
       Conjure Flame     |       |     1 ||     1
 Abil: Spit Poison       |     1 |     2 ||     3
  Use: Scroll            |       |     6 ||     6
       Potion            |       |     1 ||     1
 Stab: Sleeping          |       |     1 ||     1
  Eat: Bread ration      |     1 |       ||     1
       Meat ration       |       |     1 ||     1
